 Dungeon Crawl Stone Soup version 0.26.1-2-gb8aa6d0cf2 (webtiles) character file.

Game seed: 8107631605078841767

23 Groucho the Sneak (level 2, 0/13 HPs)
             Began as a Spriggan Enchanter on Feb 16, 2021.
             Slain by a hobgoblin (5 damage)
             ... on level 2 of the Dungeon.
             The game lasted 00:03:40 (1548 turns).

Groucho the Sneak (Spriggan Enchanter)              Turns: 1548, Time: 00:03:41

Health: 0/13       AC:  2    Str:  4    XL:     2   Next: 75%
Magic:  5/7        EV: 18    Int: 16    God:
Gold:   51         SH:  0    Dex: 16    Spells: 4/7 levels left

rFire    . . .     SeeInvis +   a - +1 dagger
rCold    . . .     Faith    .   (shield restricted)
rNeg     . . .     Spirit   .   b - +0 robe
rPois    .         Reflect  .   (helmet restricted)
rElec    .         Harm     .   (no cloak)
rCorr    .         Rampage  .   (gloves unavailable)
Will     .....                  (boots unavailable)
Stlth    +++.......             (no amulet)
HPRegen  0.04/turn              (no ring)
MPRegen  0.10/turn              (no ring)

@: very slightly contaminated, very quick
A: very small, unfitting armour, see invisible, speed 3
a: no special abilities


You were on level 2 of the Dungeon.
You visited 1 branch of the dungeon, and saw 3 of its levels.

You collected 51 gold pieces.

Inventory:

Hand Weapons
 a - a +1 dagger (weapon)
Missiles
 g - 19 stones
Armour
 b - a +0 robe (worn)
Jewellery
 c - a cursed ring of attention {unknown}
Scrolls
 d - a scroll of remove curse {unknown}
 e - 3 scrolls of enchant armour {unknown}
 f - a scroll of blinking {unknown}


   Skills:
 - Level 1.1 Short Blades
 - Level 3.0 Dodging
 * Level 5.4 Stealth
 + Level 3.1 Spellcasting
 + Level 4.0 Hexes


You had 4 spell levels left.
You knew the following spells:

 Your Spells              Type           Power        Failure   Level
a - Corona                Hex            16%          3%          1
b - Ensorcelled Hibernat  Hex/Ice        16%          12%         2

Your spell library contained the following spells:

 Spells                   Type           Power        Failure   Level
 Confusing Touch          Hex            15%          11%         3
 Tukima's Dance           Hex            15%          11%         3
 Dazzling Flash           Conj/Hex       16%          24%         3


Dungeon Overview and Level Annotations

Branches:
Dungeon (3/15)

Altars:
The Shining One


Innate Abilities, Weirdness & Mutations

You are very small and have problems with some larger weapons.
You are too small for most types of armour.
You have supernaturally acute eyesight. (SInv)
You cover ground extremely quickly.


Message History

You hit the hobgoblin but do no damage. The hobgoblin hits you.
You hit the hobgoblin.
The hobgoblin is moderately wounded.
The hobgoblin hits you.
You hit the hobgoblin.
The hobgoblin is severely wounded.
The hobgoblin hits you.
You are too injured to fight recklessly!
You are too injured to fight recklessly!
You are too injured to fight recklessly!
You are too injured to fight recklessly!
Casting: Ensorcelled Hibernation (safe; 12% risk of failure)
Confirm with . or Enter, or press ? or * to list all spells.
Aiming: Ensorcelled Hibernation (safe; 12% risk of failure)
Press: ? - help, Shift-Dir - straight line, f - hobgoblin
Aim: a hobgoblin (severely wounded, chance to affect: 57%)
You miscast Ensorcelled Hibernation.
You are very lightly contaminated with residual magic.
Nothing appears to happen.
The hobgoblin hits you.
You die...

#.#####.#..#.#.#
#.#........#.#.#
#...#####..#.#.#
##..#
#.......#######
#..#
##..###.......#
##.#
#............#
#..
#.#####......#
#... #.#
#......# ##.#>
#.# #.@....###
...##.#
#.g....... #+#
#......###
#......#
#).....#
#......#
######.# .# #


You could see a hobgoblin.

Vanquished Creatures
  A leopard gecko (D:2)
  2 giant cockroaches
  2 hobgoblins
  2 jackals (D:2)
  A quokka (D:2)
  3 bats
  2 frilled lizards
  3 goblins
  3 kobolds (D:2)
  2 rats
21 creatures vanquished.

Notes
Turn   | Place    | Note
-------+----------+-------------------------------------------
     0 | D:1      | Groucho the Spriggan Enchanter began the quest for the Orb.
     0 | D:1      | Reached XP level 1. HP: 9/9 MP: 5/5
   668 | D:2      | Reached XP level 2. HP: 13/13 MP: 6/6
   683 | D:2      | Reached skill level 5 in Stealth
  1020 | D:3      | Learned a level 2 spell: Ensorcelled Hibernation
  1290 | D:2      | Found a glowing golden altar of the Shining One.
  1548 | D:2      | Slain by a hobgoblin

Illustrated notes

Levels and vault maps discovered:
D:1:      lightli_arrival_boilingwater, layout_loops_ring,
          minmay_misc_feat_rows, grunt_decor_cap
D:2:      layout_basic, nzn_wu_jian_council_hall, nicolae_tso_carved_into_rock,
          uniq_jessica
D:3:      layout_loops_ring, lemuel_doored_altar, portal_sewer_entry_b

Skill      XL: |  1  2 |
---------------+-------+-----
Stealth        | 5 |  5.4
Spellcasting   | 3 |  3.1
Hexes          | 4 |  4.0
Short Blades   | |  1.1
Dodging        | |  3.0

Action                   || total
-------------------------++-------
Melee: Dagger            ||   124
 Cast: Ensorcelled Hiber ||     2
 Stab: Sleeping          ||     4
Armor: Robe              ||    10
Dodge: Dodged            ||   125
